 Dungeon Crawl Stone Soup version 0.17-a0-1685-g57e755e (webtiles) character file.

11 Gorice the Sneak (level 2, -1/14 HPs)
             Began as a Felid Wanderer on Aug 19, 2015.
             Slain by a jackal (3 damage)
             ... on level 1 of the Dungeon.
             The game lasted 00:01:48 (589 turns).

Gorice the Sneak (Felid Wanderer)                    Turns: 589, Time: 00:01:49

Health: -1/14      AC:  1    Str:  8    XL:     2   Next: 13%
Magic:  3/3        EV: 17    Int: 14    God:
Gold:   0          SH:  0    Dex: 14    Spells: 0 memorised, 1 level left
                                        Lives:  0   Deaths: 0

rFire  . . .     SeeInvis +       - Unarmed
rCold  . . .     Clarity  .     (armour unavailable)
rNeg   . . .     SustAt   .     (shield unavailable)
rPois  .         Gourm    .     (helmet unavailable)
rElec  .         Spirit   .     (cloak unavailable)
rCorr  .         Warding  .     (gloves unavailable)
rMut   .         Stasis   .     (boots unavailable)
MR     .....                    (no amulet)
Stlth  +++.......               (no ring)
                                (no ring)

@: quick, not resistant to hostile enchantments, fairly stealthy
A: no armour, no weapons or thrown items, claws 1, fangs 3, see invisible,
carnivore 3, speed 1, shaggy fur 1, slow metabolism 1, sharp paws
a: no special abilities


You were on level 1 of the Dungeon.
You were very full.

You visited 1 branch of the dungeon, and saw 1 of its levels.

Inventory:

Scrolls
 a - a scroll of immolation {unknown}
 b - 2 scrolls of teleportation {!r}
Potions
 d - a potion of degeneration {unknown}
 e - a potion of curing {unknown}
 f - a potion of lignification {unknown}
Miscellaneous
 Z - a stone of tremors
Comestibles
 c - a meat ration {!e}


   Skills:
 + Level 3.1 Fighting
 + Level 2.2 Dodging
 - Level 4.0 Stealth
 * Level 2.2 Unarmed Combat
 - Level 1.1 Evocations


You had one spell level left.
You didn't know any spells.

Dungeon Overview and Level Annotations

Branches:
Dungeon (1/15)

Altars:


Innate Abilities, Weirdness & Mutations

You cannot wear armour.
You are incapable of wielding weapons or throwing items.
You have sharp claws.
You have razor-sharp teeth.
You have supernaturally acute eyesight.
You are carnivorous and can eat meat at any time.
You cover ground quickly.
You are covered in fur (AC +1).
You have a slow metabolism.
Your sharp claws are effective at attacking unaware monsters.


Message History

g - a chunk of flesh You see here a club.
Eating a chunk of flesh.
This raw flesh tastes great.
You continue eating. x2
You open the door.
There is an open door here.
You open the door.
There is an open door here.
You open the door.
There is an open door here.
A jackal comes into view.
A jackal comes into view. 2 jackals come into view.
The jackal barks!
A rat comes into view.
The jackal barks!
A rat comes into view.
The jackal barks!
The jackal closely misses you.
Found a stone staircase leading down.
You barely miss the jackal.
The jackal barks!
The jackal bites you. The jackal misses you. The jackal bites you.
Damage: 3 (max 3)
You scratch the jackal.
You kill the jackal!
The jackal misses you. The jackal completely misses you. The jackal bites you.
Damage: 3 (max 3)
You scratch the jackal but do no damage.
The jackal misses you.
You scratch the jackal.
The jackal is severely wounded.
The jackal bites you. The rat misses you.
The jackal bites you but does no damage.
The jackal misses you.
Damage: 2 (max 3) Unknown command.
The jackal closely misses you. The jackal misses you. The jackal bites you.
* * * LOW HITPOINT WARNING * * *
Damage: 2 (max 3)
The jackal barely misses you.
There is an open door here.
You barely miss the jackal. You bite the jackal.
The jackal is lightly wounded.
The jackal barely misses you. The jackal bites you.
* * * LOW HITPOINT WARNING * * *
Damage: 2 (max 3)
You barely miss the jackal. The jackal bites you.
You die...

### ####### ###
#.###.#.#.######.#
#.....#...#......#
#.###.#.#.#.####@# #.#.#.#.....#
#h# #.#.......######h## #######
#...............h.# #......
#.#........#......#########......
...........#.##..r#..............
.............##...#....r.r.......
.............##.....h............
#............###......##.........


You could see 3 jackals and a rat.

Vanquished Creatures
  3 giant cockroaches (D:1)
  3 goblins (D:1)
  A hobgoblin (D:1)
  A jackal (D:1)
  A kobold (D:1)
9 creatures vanquished.

Notes
Turn   | Place    | Note
--------------------------------------------------------------
     0 | D:1      | Gorice the Felid Wanderer began the quest for the Orb.
     0 | D:1      | Gorice set off with: 2 scrolls of teleportation {!r}, a meat ration {!e}, a stone of tremors
     0 | D:1      | Reached XP level 1. HP: 10/10 MP: 2/2
   111 | D:1      | Reached skill level 2 in Dodging
   204 | D:1      | Reached XP level 2. HP: 5/14 MP: 3/3
   566 | D:1      | HP: 4/14 [jackal (2)]
   588 | D:1      | HP: 2/14 [jackal (2)]
   589 | D:1      | Slain by a jackal

Vault maps used:
D:1:      lemuel_arrival_lava_pool

Action                   || total
-------------------------++-------
Melee: Unarmed           ||    35
 Stab: Sleeping          ||     1
  Eat: Chunk             ||     6

Table legend:
 A = Turns spent in this place as a percentage of turns spent in the entire game.
 B = Non-inter-level travel turns spent in this place as a percentage of non-inter-level travel turns spent in the entire game.
 C = Inter-level travel turns spent in this place as a percentage of turns spent in this place.
 D = Turns resting spent in this place as a percentage of non-inter-level travel turns spent in this place.
 E = Turns spent auto-exploring this place as a percentage of non-inter-level travel turns spent in this place.
 F = Non-inter-level travel turns spent in this place divided by the number of levels of this place that you've seen.
                   A       B       C       D       E      F
               +-------+-------+-------+-------+-------+----------------------
         Total | 100.0 | 100.0 |   0.0 |   4.4 |   5.9 | 135.0
       Dungeon | 100.0 | 100.0 |   0.0 |   4.4 |   5.9 | 135.0
               +-------+-------+-------+-------+-------+----------------------

Vault maps used:
D:1:      lemuel_arrival_lava_pool
